 Dungeon Crawl Stone Soup version 0.30-a0-778-g2ef04afb54 (webtiles) character file.

Game seed: 10456267077923513659

1033 sanka the Basher (level 8, -3/58 HPs)
             Began as a Mummy Chaos Knight on Feb 17, 2023.
             Was a Plaything of Xom.
             Slain by an ogre
             ... wielding a +0 giant spiked club
              (15 damage)
             ... on level 5 of the Dungeon.
             The game lasted 00:08:12 (3759 turns).

sanka the Basher (Mummy Chaos Knight)               Turns: 3759, Time: 00:08:12

Health: -3/58      AC:  9    Str: 17      XL:     8   Next: 3%
Magic:  8/8        EV: 16    Int: 11      God:    Xom [...*..]
Gold:   349        SH:  0    Dex: 10 (12) Spells: 7/7 levels left

rFire   . . .      SeeInvis .    a - +0 flail
rCold   . . .      Faith    +    (no shield)
rNeg    + + +      Spirit   .    v - +2 leather armour
rPois   ∞          Reflect  .    q - +0 helmet
rElec   .          Harm     .    l - +0 cloak
rCorr   .          Rampage  .    (no gloves)
Will    +....                    m - +1 pair of boots
Stlth   +                        e - amulet of magic regeneration
HPRegen 0.29/turn                h - ring of fire
MPRegen 0.51/turn                y - +5 ring of evasion

@: no status effects
A: cold resistance 1, negative energy resistance 3, torment resistance 2, heat
vulnerability 1, in touch with death 1, no potions, faith
a: Renounce Religion


You were on level 5 of the Dungeon.
You worshipped Xom.
You were a favourite toy of Xom.
You visited 1 branch of the dungeon, and saw 5 of its levels.

You collected 349 gold pieces.


Innate Abilities, Weirdness & Mutations

You are immune to poison.
Your flesh is cold resistant. (rC+)
You are immune to negative energy. (rN+++)
You are immune to unholy pain and torment.
You are vulnerable to heat. (rF-)
You are in touch with the powers of death.
You do not drink.
You have a special connection with the divine. (Faith)


   Skills:
 - Level 3.0 Fighting
 + Level 8.2 Maces & Flails
 - Level 1.5 Armour
 - Level 0.7 Dodging


You had 7 spell levels left.
You didn't know any spells.
Your spell library contained the following spells:

 Spells                   Type           Power      Damage    Failure   Level
 Summon Small Mammal      Summ           0%         N/A       38%         1
 Cigotuvi's Dreadful Rot  Necr/Pois/Air  0%         N/A       54%         2
 Poisonous Vapours        Pois/Air       0%         N/A       54%         2
 Call Canine Familiar     Summ           0%         N/A       77%         3
 Mephitic Cloud           Conj/Pois/Air  0%         N/A       77%         3
 Summon Guardian Golem    Hex/Summ       0%         N/A       77%         3

Inventory:

Hand Weapons
 a - a +0 flail (weapon)
 b - a +0 mace of chaos
 s - a +0 great sword of chaos
Armour
 l - a +0 cloak (worn)
 m - a +1 pair of boots (worn)
 q - a +0 helmet (worn)
 r - a +0 plate armour
 v - a +2 leather armour (worn)
Jewellery
 e - an amulet of magic regeneration (around neck)
 h - a ring of fire (left hand)
 k - a ring of flight
 p - a ring of protection from cold
 y - a +5 ring of evasion (right hand)
Wands
 t - a wand of iceblast (6)
Scrolls
 d - 3 scrolls of enchant armour {unknown}
 f - 2 scrolls of amnesia {unknown}
 g - a scroll of fear {unknown}
 i - 2 scrolls of fog {unknown}
 j - 2 scrolls of noise {unknown}
 n - 2 scrolls of enchant weapon {unknown}
 o - a scroll of vulnerability {unknown}
 u - 2 scrolls of magic mapping {unknown}
 w - 2 scrolls of identify {unknown}
 x - a scroll of summoning {unknown}
Miscellaneous
 c - a piece from Xom's chessboard (15/15) (quivered)

Dungeon Overview and Level Annotations

Branches:
Dungeon (5/15)
 Temple: D:4-7

Altars:
Makhleb
Yredelemnul

....▒...b..........▒
....▒.▒..▒▒▒▒.▒▒▒▒.▒
....▒.▒▒.▒.......▒
....▒....▒...b...▒
....▒.▒..▒.......▒
....▒.▒▒.▒.bb_b..▒
....▒.▒▒.▒...b...▒
....▒.▒ .▒.....Ob▒
......▒▒.▒.....WM▒
.▒▒......▒▒▒▒▒▒▒▒▒
..▒..........
......†..▒▒
....▒†▒▒▒▒ ....†..▒▒
▒▒ ....▒...▒▒▒..
....▒.......▒
............▒


You could see an ogre and a phantom.


Message History

The phantom is lightly damaged.
The phantom hits you.
The ogre hits you with a +0 giant spiked club!!
* * * LOW HITPOINT WARNING * * *
Unknown command.
You closely miss the phantom.
The phantom is lightly damaged.
The phantom closely misses you.
Unknown command.
You barely miss the phantom.
The phantom is lightly damaged.
The phantom barely misses you.
The ogre hits you with a +0 giant spiked club!
* * * LOW HITPOINT WARNING * * *
Unknown command.
You hit the phantom.
The phantom is moderately damaged.
The phantom misses you. The ogre barely misses you.
Unknown command.
You sock the phantom!
The phantom is severely damaged.
The phantom completely misses you.
Unknown command.
You barely miss the phantom.
The phantom is severely damaged.
The phantom hits you but does no damage.
The ogre hits you with a +0 giant spiked club!
You die...
Xom roars with laughter!

Action                     |  1- 3 |  4- 6 |  7- 9 || total
---------------------------+-------+-------+-------++-------
  Melee: Mace              |    97 |    91 |       ||   188
         Flail             |       |    31 |    95 ||   126
         Punch             |       |     2 |       ||     2
  Evoke: Wand              |    10 |     2 |       ||    12
   Stab: Confused          |       |     1 |     1 ||     2
         Distracted        |       |       |     1 ||     1
 Armour: Leather armour    |    39 |   120 |    35 ||   194
  Dodge: Dodged            |    59 |   134 |    72 ||   265

Levels and vault maps discovered:
D:1:      scummos_arrival_hexagon, layout_loops_ring
D:2:      layout_loops_ring
D:3:      gammafunk_wand_slinger, layout_rooms, yredelemnul_altar_generic,
          dilly_ecumenical_altar_fadedgnrine
D:4:      layout_rooms, mainiacjoe_overflow_catwalk
D:5:      layout_rooms, nicolae_ru_awakened_eye, lemuel_tele_altar,
          tso_oasis_becter, kennysheep_generic_room_14

Notes
Turn   | Place    | Note
-------+----------+-------------------------------------------
     0 | D:1      | sanka the Mummy Chaos Knight began the quest for the Orb.
     0 | D:1      | Reached XP level 1. HP: 18/18 MP: 1/1
   181 | D:1      | XOM: silly message
   255 | D:1      | XOM: silly message
   297 | D:1      | Reached XP level 2. HP: 24/24 MP: 2/2
   307 | D:1      | Reached skill level 3 in Maces & Flails
   324 | D:1      | XOM: silly message
   406 | D:1      | XOM: divination: detect creatures
   720 | D:2      | XOM is BORED!
   720 | D:2      | XOM: noise
   790 | D:2      | XOM: 10-stop teleportation journey
   981 | D:2      | Gained mutation: You are in touch with the powers of death.
                  | [Mummy growth]
   981 | D:2      | Reached XP level 3. HP: 23/29 MP: 3/3
  1058 | D:2      | XOM: 3-stop teleportation journey
  1126 | D:2      | Identified the +2 hat "Siaweck" {Harm Int-5 Dex+7} (Xom
                  | gifted it to you on level 2 of the Dungeon)
  1126 | D:2      | XOM: god gift: +2 hat "Siaweck" {Harm Int-5 Dex+7}
  1196 | D:2      | XOM: scenery: summon butterflies
  1302 | D:3      | Found a basalt altar of Yredelemnul.
  1329 | D:3      | Found a transporter.
  1333 | D:3      | Noticed a kobold demonologist
  1705 | D:3      | XOM: god gift: +0 great sword of chaos
  1718 | D:3      | Found a transporter.
  1807 | D:3      | Found a faded altar of an unknown god.
  1901 | D:3      | XOM: enchant monster (good)
  1903 | D:3      | XOM: polymorph orc priest -> hound
  1910 | D:3      | Killed a kobold demonologist
  1911 | D:3      | Reached skill level 5 in Maces & Flails
  1911 | D:3      | Reached XP level 4. HP: 35/35 MP: 4/4
  1911 | D:3      | Reached XP level 5. HP: 41/41 MP: 5/5
  1911 | D:3      | Reached XP level 6. HP: 47/47 MP: 6/6
  1920 | D:3      | HP: 1/47 [orc priest/divine providence (17)]
  1921 | D:3      | Xom revived you
  1987 | D:3      | XOM: scenery: 1 fountains blood, 1 doors open
  2094 | D:3      | XOM: scenery: 1 doors open, 1 doors close
  2098 | D:3      | Reached skill level 6 in Maces & Flails
  2160 | D:3      | XOM: god gift: scroll labelled KUVVOMP ZEMU {god gift}
  2291 | D:3      | XOM: divination: magic mapping
  2343 | D:4      | XOM: snakes to sticks
  2473 | D:3      | XOM: summons 4 hostile demons
  2674 | D:4      | XOM: scenery: summon butterflies
  2748 | D:4      | XOM: 1-stop teleportation journey
  2814 | D:4      | Identified the +1 leather armour "Ufigom" {rN+ Str+5}
  3008 | D:4      | Found a burning altar of Makhleb.
  3019 | D:4      | XOM: confusion
  3030 | D:4      | XOM: potion effect (haste)
  3049 | D:4      | Reached XP level 7. HP: 47/52 MP: 7/7
  3049 | D:4      | XOM: confuse monster(s)
  3299 | D:5      | Entered Level 5 of the Dungeon
  3326 | D:5      | XOM: summons friendly quasit
  3339 | D:5      | Reached skill level 7 in Maces & Flails
  3443 | D:5      | XOM: cleaving
  3509 | D:5      | XOM: scenery: summon butterflies
  3561 | D:5      | XOM: chaos cloud
  3583 | D:5      | XOM: divination: detect items
  3586 | D:5      | XOM: summons 2 friendly demons
  3594 | D:5      | Reached skill level 8 in Maces & Flails
  3656 | D:5      | Reached XP level 8. HP: 46/58 MP: 8/8
  3660 | D:5      | XOM: cloud trail
  3742 | D:5      | XOM: scenery: summon butterflies
  3744 | D:5      | XOM: enchant monster (good)
  3751 | D:5      | XOM: silly message
  3759 | D:5      | Slain by an ogre

Vanquished Creatures
  A kobold demonologist (D:3)
  A water moccasin (D:5)
  2 ice beasts (D:5)
  A phantom (D:4)
  2 hounds
  An orc priest (D:3)
  An iguana (D:4)
  4 gnolls
  3 adders
  3 shadow imps (D:3)
  A white imp (D:5)
  A worm (D:3)
  A dart slug (D:2)
  3 orcs
  4 ball pythons
  6 endoplasms
  4 giant cockroaches
  5 goblins
  A hobgoblin (D:1)
  3 jackals
  3 quokkas
  A bat (D:3)
  2 frilled lizards
  8 kobolds
  5 rats
67 creatures vanquished.

Vanquished Creatures (collateral kills)
  A scorpion (D:5)
  A hound (D:5)
  An iguana (D:5)
  An ufetubus (D:5)
4 creatures vanquished.

Vanquished Creatures (others)
  2 plants (D:3)
2 creatures vanquished.

Grand Total: 73 creatures vanquished
